 Dungeon Crawl Stone Soup version 0.26.1-11-gd32895ea62 (webtiles) character file.

Game seed: 10755132690695938658

45371 Gwenloh the Dealer of Despair (level 14, -3/103 HPs)
             Began as a Mummy Necromancer on May 20, 2021.
             Was an Elder of Kikubaaqudgha.
             Slain by an elephant (6 damage)
             ... on level 5 of the Lair of Beasts on May 21, 2021.
             The game lasted 02:57:52 (30830 turns).

Gwenloh the Dealer of Despair (Mummy Necromancer)  Turns: 30830, Time: 02:57:53

Health: -3/103     AC: 18    Str: 11    XL:     14   Next: 0%
Magic:  16/37      EV: 14    Int: 20    God:    Kikubaaqudgha [****..]
Gold:   1552       SH:  0    Dex: 14    Spells: 3/33 levels left

rFire    x . .     SeeInvis +   a - +4 dagger (pain)
rCold    + . .     Faith    .   (no shield)
rNeg     + + +     Spirit   .   y - +2 acid dragon scales
rPois    ∞         Reflect  .   B - +3 crown of Dyrovepreva {rElec Int+2 SInv}
rElec    +         Harm     .   u - +2 cloak {Will+}
rCorr    +         Rampage  .   t - +2 pair of gloves
Will     ++...                  (no boots)
Stlth    +.........             (no amulet)
HPRegen  0.27/turn              p - ring of wizardry
MPRegen  0.25/turn              e - ring of magical power

@: no status effects
A: no potions, fire vulnerability, cold resistance 1, negative energy resistance
3, torment resistance, unbreathing, in touch with death 1
a: Renounce Religion, Receive Corpses


You were on level 5 of the Lair of Beasts.
You worshipped Kikubaaqudgha.
Kikubaaqudgha was greatly pleased with you.
You visited 3 branches of the dungeon, and saw 18 of its levels.

You collected 1552 gold pieces.

Inventory:

Hand Weapons
 a - a +4 dagger of pain (weapon)
 l - a +1 rapier of speed
 o - a +4 halberd of flaming
Armour
 t - a +2 pair of gloves (worn)
 u - a +2 cloak of willpower (worn)
 y - +2 acid dragon scales (worn)
 B - the +3 crown of Dyrovepreva (worn) {rElec Int+2 SInv}
   (You found it on level 10 of the Dungeon)

   It affects your intelligence (+2).
   It insulates you from electricity.
   It lets you see invisible.
Jewellery
 b - an uncursed ring of protection from cold
 c - an uncursed ring of ice
 e - a ring of magical power (right hand)
 k - an uncursed ring of stealth
 p - a ring of wizardry (left hand)
 q - an uncursed ring of fire
 w - an uncursed ring of see invisible
 E - an uncursed ring of willpower
Wands
 h - a wand of flame (1)
 m - a wand of disintegration (10)
 v - a wand of iceblast (16)
 z - a wand of digging (7)
 A - a wand of random effects (13)
 C - a wand of acid (15)
Scrolls
 d - 7 scrolls of identify
 f - 4 scrolls of teleportation
 g - 10 scrolls of remove curse
 i - 6 scrolls of enchant weapon
 j - 5 scrolls of fog
 n - a scroll of fear
 r - 4 scrolls of amnesia
 s - a scroll of magic mapping
 x - a scroll of torment
 D - a scroll of blinking


   Skills:
 + Level 7.3 Fighting
 - Level 5.0 Armour
 - Level 5.0 Dodging
 - Level 1.5 Stealth
 + Level 10.3 Spellcasting
 * Level 16.4 Necromancy
 - Level 3.0 Ice Magic
 + Level 9.2 Evocations


You had 3 spell levels left.
You knew the following spells:

 Your Spells              Type           Power        Failure   Level
a - Pain                  Necr           100%         1%          1
b - Vampiric Draining     Necr           42%          1%          3
c - Agony                 Necr           85%          1%          5
d - Corpse Rot            Necr/Air       N/A          1%          2
e - Animate Dead          Necr           42%          1%          4
f - Dispel Undead         Necr           85%          1%          4
g - Simulacrum            Ice/Necr       32%          22%         6
h - Excruciating Wounds   Necr           42%          1%          5

Your spell library contained the following spells:

 Spells                   Type           Power        Failure   Level
 Animate Skeleton         Necr           100%         1%          1
 Ozocubu's Armour         Ice            22%          9%          3
 Corona                   Hex            11%          10%         1
 Foxfire                  Conj/Fire      40%          10%         1
 Sting                    Tmut/Pois      40%          10%         1
 Confusing Touch          Hex            10%          24%         3
 Conjure Flame            Conj/Fire      10%          24%         3
 Dazzling Flash           Conj/Hex       20%          24%         3
 Gell's Gravitas          Tloc           5%           24%         3
 Inner Flame              Hex/Fire       10%          24%         3
 Lesser Beckoning         Tloc           5%           24%         3
 Portal Projectile        Hex/Tloc       20%          24%         3
 Tukima's Dance           Hex            10%          24%         3
 Death Channel            Necr           42%          3%          6
 Leda's Liquefaction      Hex/Erth       5%           52%         4
 Petrify                  Tmut/Erth      10%          52%         4
 Sticky Flame             Conj/Fire      10%          52%         4
 Metabolic Englaciation   Hex/Ice        8%           65%         5
 Bolt of Magma            Conj/Fire/Erth 5%           82%         5
 Fireball                 Conj/Fire      5%           82%         5
 Summon Forest            Summ/Tloc      5%           82%         5
 Yara's Violent Unravell  Hex/Tmut       5%           82%         5
 Eringya's Noxious Bog    Tmut/Pois      5%           100%        6
 Iron Shot                Conj/Erth      5%           100%        6
 Shatter                  Erth           5%           100%        9
 Spider Form              Tmut/Pois      Unusable     N/A         3
 Statue Form              Tmut/Erth      Unusable     N/A         6

Dungeon Overview and Level Annotations

Branches:
Dungeon (12/15)            Temple (1/1) D:5            Lair (5/6) D:11
 Shoals (0/4) Lair:3        Snake (0/4) Lair:4          Orc (0/2) D:9
  Slime: Lair:5-6

Altars:
Ashenzari
Cheibriados
Dithmenos
Elyvilon
Fedhas
Gozag
Hepliaklqana
Kikubaaqudgha
Makhleb
Nemelex Xobeh
Okawaru
Qazlal
Ru
Sif Muna
Trog
Uskayaw
Vehumet
Wu Jian
Xom
Yredelemnul
Zin
The Shining One

Shops:
D:8 *   D:10 }

Annotations:
D:5 2 transporters, ZZKoverts's ghost, novice GnWn
Lair:2 exclusion: 3 oklob plants


Innate Abilities, Weirdness & Mutations

You do not drink.
Your flesh is vulnerable to fire.
You are immune to poison.
Your flesh is cold resistant. (rC+)
You are immune to negative energy. (rN+++)
You are immune to unholy pain and torment.
You can survive without breathing.
You are in touch with the powers of death.


Message History

The wolf bites you but does no damage. The wolf barely misses you.
The elephant looks more healthy.
The blink frog blinks!
The blink frog hits you but does no damage.
The blink frog hits you!
* * * LOW HITPOINT WARNING * * *
The elephant tramples you!
* * * LOW HITPOINT WARNING * * *
You hold your ground!
The elephant barely misses you. The blink frog closely misses you.
The elephant tramples you but does no damage.
The elephant closely misses you.
The blink frog blinks! x2; The wolf bites you!
* * * LOW HITPOINT WARNING * * *
The elephant tramples you.
* * * LOW HITPOINT WARNING * * *
You stumble backwards!
The blink frog blinks!
The elephant tramples you.
You die...
Kikubaaqudgha rasps: "You have failed me!
Welcome... oblivion!"

#..#### #.<..S.# .....
#....P##.##.hh.#h ......
#................ .......
#............hh.. .......
#................
.......#######................
.........†÷†.................P
....?...§.÷l.†........)......P
..........S....
..###..P###hSh......##
###.YY###Y......#.#
#.P....##...........
..........Y.......#...
...#.#....YF......#.... ..
######.......F...... .
#.##........#.#


You could see 3 elephants, 2 yaks, 3 blink frogs, 2 water moccasins, a wyvern
and 3 wolves.

Vanquished Creatures
  Gastronok (Lair:3)
  The ghost of Ceyroiss the Quickloader, a journeyman HuWn of Dithmenos (Lair:4)
  2 hydras (Lair:1)
  A boulder beetle (Lair:4)
  6 death yaks (Lair:2)
  Urug (Lair:3)
  3 two-headed ogres
  Nergalle (Lair:3)
  An ugly thing (D:11)
  A cyclops (D:11)
  A torpor snail (Lair:1)
  A centaur zombie (D:11)
  3 black mambas
  15 elephants
  A gargoyle (D:11)
  Joseph (D:7)
  5 rime drakes
  22 cane toads
  6 komodo dragons
  2 trolls
  2 polar bears
  A hornet (D:8)
  A snapping turtle (Lair:3)
  31 yaks
  8 wyverns
  Sigmund (D:6)
  2 basilisks
  Menkaure (D:5)
  2 nagas (Lair:4)
  A soldier ant (D:10)
  21 water moccasins
  3 ice beasts
  4 orc warriors
  A necrophage (D:5)
  4 ogres
  3 black bears
  A sky beast (D:8)
  13 wolves
  8 centaurs
  A big kobold (D:8)
  Blork the orc (D:6)
  11 bullfrogs
  A gnoll sergeant (D:5)
  A wyvern skeleton (D:8)
  5 scorpions
  4 wights (D:9)
  5 killer bees
  2 electric eels (D:8)
  A quasit (D:9)
  A bullfrog zombie (D:7)
  5 orc priests
  4 hounds
  Crazy Yiuf (D:6)
  4 jellies
  11 orc wizards
  Jessica (D:2)
  A centaur skeleton (D:6)
  4 iguanas
  2 hell rats (Lair:4)
  5 worker ants
  A killer bee zombie (D:7)
  2 hound skeletons
  A killer bee simulacrum (D:8)
  10 adders
  14 gnolls
  3 shadow imps
  9 white imps
  6 ufetubi
  An ooze (D:2)
  An adder zombie (D:8)
  4 adder skeletons
  3 worms
  8 dart slugs
  5 leopard geckos
  47 orcs
  3 giant cockroaches
  8 goblins
  5 hobgoblins
  9 jackals
  11 kobolds
  4 quokkas
  2 ball pythons
  7 bats
  5 frilled lizards
  A jackal zombie (D:5)
  A leopard gecko skeleton (D:7)
  6 rats
431 creatures vanquished.

Vanquished Creatures (collateral kills)
  2 hydras
  A cane toad (Lair:1)
  A wraith (D:11)
  A basilisk (Lair:1)
  A water moccasin (Lair:3)
  2 hell rats (Lair:4)
  9 white imps (Lair:3)
17 creatures vanquished.

Vanquished Creatures (others)
  60 fungi
  93 plants
153 creatures vanquished.

Grand Total: 601 creatures vanquished

Notes
Turn   | Place    | Note
-------+----------+-------------------------------------------
     0 | D:1      | Gwenloh the Mummy Necromancer began the quest for the Orb.
     0 | D:1      | Reached XP level 1. HP: 13/13 MP: 4/4
   104 | D:1      | Reached XP level 2. HP: 19/19 MP: 1/5
   680 | D:1      | Reached skill level 5 in Necromancy
   680 | D:1      | Reached XP level 3. HP: 24/24 MP: 0/7
   752 | D:1      | Learned a level 3 spell: Vampiric Draining
  1431 | D:2      | Noticed Jessica
  1434 | D:2      | Killed Jessica
  1435 | D:2      | Reached XP level 4. HP: 30/30 MP: 8/8
  1988 | D:3      | Reached skill level 6 in Necromancy
  2458 | D:3      | Reached XP level 5. HP: 35/35 MP: 9/9
  3142 | D:4      | Reached skill level 7 in Necromancy
  3397 | D:4      | Found a snail-covered altar of Cheibriados.
  3423 | D:4      | Reached XP level 6. HP: 36/41 MP: 10/10
  4078 | D:5      | Entered Level 5 of the Dungeon
  4422 | D:4      | Reached skill level 8 in Necromancy
  4567 | D:5      | Reached skill level 1 in Fighting
  4585 | D:5      | Noticed Menkaure
  4604 | D:5      | Killed Menkaure
  4605 | D:5      | Reached XP level 7. HP: 16/49 MP: 11/11
  5331 | D:5      | Found a staircase to the Ecumenical Temple.
  5347 | D:5      | Reached skill level 9 in Necromancy
  5531 | Temple   | Entered the Ecumenical Temple
  5631 | Temple   | Became a worshipper of Kikubaaqudgha
  5758 | D:5      | Noticed ZZKoverts's ghost (novice GnWn)
  5759 | D:5      | Found a transporter.
  5759 | D:5      | Found a transporter.
  5994 | D:5      | Learned a level 5 spell: Agony
  6228 | D:6      | Noticed Blork the orc
  6230 | D:6      | Reached XP level 8. HP: 47/58 MP: 11/12
  6385 | D:6      | Identified the Volume of Poisoning and Execration
  7065 | D:6      | Reached skill level 10 in Necromancy
  7218 | D:6      | Killed Blork the orc
  7352 | D:6      | Found a runed translucent door.
  7353 | D:6      | Noticed Crazy Yiuf
  7415 | D:6      | Noticed Sigmund
  7429 | D:6      | Killed Sigmund
  7430 | D:6      | Reached skill level 1 in Evocations
  7652 | D:6      | Reached skill level 1 in Armour
  7865 | D:6      | Killed Crazy Yiuf
  7946 | D:7      | Identified the Grimoire of Snow and Execration
  8007 | D:7      | Reached * piety under Kikubaaqudgha
  8007 | D:7      | Identified Kikubaaqudgha's Volume of Dark Magic
                  | (Kikubaaqudgha gifted it to you on level 7 of the Dungeon)
  8007 | D:7      | Received a gift from Kikubaaqudgha
  8019 | D:7      | Learned a level 2 spell: Corpse Rot
  8221 | D:7      | Noticed Joseph
  8297 | D:7      | Noticed a two-headed ogre
  8300 | D:7      | Killed a two-headed ogre
  8301 | D:7      | Reached XP level 9. HP: 39/67 MP: 1/13
  8310 | D:7      | Reached skill level 5 in Fighting
  8548 | D:7      | Found a shimmering blue altar of Sif Muna.
  9022 | D:7      | Killed Joseph
  9023 | D:7      | Reached skill level 11 in Necromancy
  9575 | D:7      | HP: 3/68 [orc priest/divine providence (15)]
  9581 | D:7      | HP: 2/68 [bullfrog (4)]
  9995 | D:7      | Found a sacrificial altar of Ru.
 10628 | D:8      | Noticed a polar bear
 10717 | D:8      | Reached XP level 10. HP: 30/76 MP: 3/14
 10845 | D:8      | Reached ** piety under Kikubaaqudgha
 11364 | D:8      | Noticed a two-headed ogre
 11374 | D:8      | Killed a two-headed ogre
 12737 | D:8      | Reached skill level 5 in Evocations
 12848 | D:8      | Found Biskec's General Store.
 12994 | D:8      | Reached skill level 12 in Necromancy
 13036 | D:8      | Found an iron altar of Okawaru.
 13433 | D:9      | Reached *** piety under Kikubaaqudgha
 13433 | D:9      | Identified Kikubaaqudgha's Catalogue of Black Magic
                  | (Kikubaaqudgha gifted it to you on level 9 of the Dungeon)
 13433 | D:9      | Received a gift from Kikubaaqudgha
 13524 | D:9      | Found a staircase to the Orcish Mines.
 14701 | D:10     | Entered Level 10 of the Dungeon
 14800 | D:10     | Found Qekacit's Gadget Boutique.
 15250 | D:10     | Found the +3 crown of Dyrovepreva {rElec Int+2 SInv}
 15577 | D:11     | Found a staircase to the Lair.
 15624 | D:10     | Reached XP level 11. HP: 77/81 MP: 1/15
 15870 | D:11     | Noticed a two-headed ogre
 15876 | D:11     | Noticed a brown ugly thing
 16170 | D:10     | Reached skill level 5 in Dodging
 16529 | D:10     | Learned a level 4 spell: Animate Dead
 16807 | D:11     | Killed a two-headed ogre
 17029 | D:11     | Killed a brown ugly thing
 17030 | D:11     | Reached skill level 5 in Armour
 17030 | D:11     | Reached skill level 13 in Necromancy
 18354 | Lair:1   | Entered Level 1 of the Lair of Beasts
 18419 | Lair:1   | Noticed a five-headed hydra
 18440 | Lair:1   | Killed a five-headed hydra
 18901 | Lair:1   | Reached skill level 5 in Spellcasting
 19704 | Lair:1   | Reached XP level 12. HP: 81/87 MP: 17/20
 19708 | Lair:1   | Reached skill level 14 in Necromancy
 19773 | Lair:1   | Learned a level 4 spell: Dispel Undead
 20165 | Lair:1   | Noticed a six-headed hydra
 20182 | Lair:1   | Killed a six-headed hydra
 21606 | Lair:1   | Noticed a six-headed hydra
 21668 | Lair:1   | Killed a six-headed hydra
 21993 | Lair:1   | Learned a level 6 spell: Simulacrum
 22724 | Lair:2   | Reached skill level 1 in Ice Magic
 23008 | Lair:2   | You fall into a shaft and drop 1 floor!
 23008 | Lair:3   | Found a frozen archway.
 23013 | Lair:3   | Noticed a death yak
 23015 | Lair:3   | Noticed a death yak
 23015 | Lair:3   | Noticed a death yak
 23270 | Lair:3   | Noticed Urug
 23276 | Lair:3   | Noticed a seven-headed hydra
 23284 | Lair:3   | Killed Urug
 23285 | Lair:3   | Reached skill level 15 in Necromancy
 23288 | Lair:3   | Killed a seven-headed hydra
 24010 | Lair:3   | Reached **** piety under Kikubaaqudgha
 24377 | Lair:2   | Gained mutation: You are in touch with the powers of death.
                  | [Mummy growth]
 24377 | Lair:2   | Reached XP level 13. HP: 81/93 MP: 22/25
 25896 | Lair:3   | Noticed Gastronok
 26251 | Lair:2   | Learned a level 5 spell: Excruciating Wounds
 26290 | Lair:3   | Killed Gastronok
 26770 | Lair:3   | Noticed Nergalle
 26805 | Lair:3   | Killed Nergalle
 27379 | Lair:2   | Reached skill level 16 in Necromancy
 28128 | Lair:3   | Found a staircase to the Shoals.
 29122 | Lair:4   | Found a runed translucent door.
 29127 | Lair:4   | Noticed Ceyroiss's ghost (journeyman HuWn)
 29243 | Lair:4   | Reached skill level 10 in Spellcasting
 29979 | Lair:4   | Found a staircase to the Snake Pit.
 30430 | Lair:4   | Found the +2 ratskin cloak {*Rats rPois rN+ Str-1 Int-1
                  | Dex+1}
 30664 | Lair:4   | Killed Ceyroiss's ghost
 30670 | Lair:4   | Identified the Incunabulum of Translocation
 30799 | Lair:5   | Reached XP level 14. HP: 48/103 MP: 11/28
 30829 | Lair:5   | HP: 3/103 [elephant (4)]
 30830 | Lair:5   | Slain by an elephant

Illustrated notes

Levels and vault maps discovered:
D:1:      zelgadis_glass_arrival_small, layout_loops_ring, minmay_crystal_room
D:2:      layout_basic, minmay_cut_off, uniq_jessica
D:3:      layout_basic
D:4:      layout_basic, kennysheep_slug_shrine
D:5:      layout_loops_ring, minmay_temple_entry_ruins, gammafunk_ghost_smash,
          uniq_menkaure
D:6:      layout_loops_ring, serial_aquarium, aquarium_bridge_island_small
          [aquarium_subvault_small_open, aquarium_subvault_window,
          aquarium_subvault_bridge, aquarium_subvault_bridge,
          aquarium_subvault_window], aquarium_window_corner,
          aquarium_window_fake, aquarium_view_2e, aquarium_pool_2,
          uniq_blork_the_orc, uniq_sigmund, uniq_crazy_yiuf_cottage
D:7:      layout_rooms, serial_curves, eino_curves_02, eino_curves_02,
          eino_curves_01, eino_curves_01, grunt_decor_resistance,
          hangedman_feature_mirror, minmay_alternating_orb, uniq_joseph
D:8:      minmay_polygon_palace, layout_loops_corners, serial_shops, shop,
          basic_altar, serial_ice, serial_ice_e, serial_ice_a, serial_ice_b,
          serial_ice_h, serial_ice_n, serial_ice_m, serial_ice_f, serial_ice_i
D:9:      layout_basic, orc_0_dummy, lemuel_flamethrower_hall
D:10:     layout_loops_ring, serial_shops, shop
D:11:     layout_stronghold, minmay_lair_entry_grove, wad_rectangle_vault
D:12:     layout_basic, kennysheep_generic_room_6, uniq_frances
Temple:   compressed_dpeg_circular_temple
Lair:1:   cheibrodos_lair_river_kwai, layout_gridlike, minmay_shattered_shrine
Lair:2:   layout_loops_ring, infiniplex_staircase_pool_2,
          minmay_lair_oklob_chamber
Lair:3:   layout_regular_city, minmay_shoals_entry_hut,
          portal_ice_cave_entry_imps, chequers_serial_rivers_large_a,
          st_stairs_5, lemuel_fruit_fields, uniq_nergalle, uniq_gastronok,
          uniq_urug
Lair:4:   layout_cave_pods, guppyfry_snake_entry_island,
          ebering_ghost_reflecting_pool, infiniplex_staircase_pool
Lair:5:   lemuel_slime, layout_regular_city, serial_bayou_shore_a

Skill      XL: |  1  2  3  4  5  6  7  8  9 10 11 12 13 |
---------------+----------------------------------------+-----
Necromancy     | 5 6 7 8 9 10 11 12 13 15 16 | 16.4
Fighting       | 1 3 4 5 7 |  7.3
Evocations     | 2 4 5 6 8 9 |  9.2
Armour         | 2 3 4 5 |  5.0
Dodging        | 2 3 4 5 |  5.0
Spellcasting   | 5 8 10 | 10.3
Ice Magic      | 2 3 |  3.0
Stealth        | |  1.5

Action                   |  1- 3 |  4- 6 |  7- 9 | 10-12 | 13-15 || total
-------------------------+-------+-------+-------+-------+-------++-------
Melee: Dagger            |     3 |    33 |    76 |   253 |   365 ||   730
       Rapier            |       |       |    14 |    83 |       ||    97
 Cast: Pain              |    79 |   118 |   230 |   373 |   112 ||   912
       Vampiric Draining |     1 |    14 |    45 |   173 |   102 ||   335
       Agony             |       |       |    10 |    90 |    22 ||   122
       Corpse Rot        |       |       |     3 |     6 |     5 ||    14
       Animate Dead      |       |       |       |     9 |     2 ||    11
       Excruciating Woun |       |       |       |       |    22 ||    22
       Dispel Undead     |       |       |       |       |     3 ||     3
       Simulacrum        |       |       |       |       |     2 ||     2
Invok: Receive Corpses   |       |       |     1 |    12 |     4 ||    17
Evoke: Wand              |       |       |    17 |    17 |     4 ||    38
  Use: Scroll            |       |       |     9 |     7 |     6 ||    22
 Stab: Sleeping          |       |       |     2 |     2 |       ||     4
Armor: Robe              |     3 |    10 |    49 |    28 |       ||    90
       Acid dragon scale |       |       |       |   243 |   225 ||   468
Dodge: Dodged            |    13 |    41 |   134 |   488 |   341 ||  1017
